 Dungeon Crawl Stone Soup version 0.30-a0-802-gb92711bcdf (webtiles) character file.

Game seed: 13433885846172357439

16 pyrow613 the Trooper (level 2, 26/26 HPs)
             Began as a Draconian Berserker on Feb 22, 2023.
             Was a Follower of Trog.
             Got out of the dungeon alive.
             The game lasted 00:00:47 (348 turns).

pyrow613 the Trooper (Draconian Berserker)           Turns: 348, Time: 00:00:48

Health: 26/26      AC:  4    Str: 19    XL:     2   Next: 37%
Magic:  2/2        EV: 12    Int:  7    God:    Trog [*.....]
Gold:   7          SH:  0    Dex: 10    Spells: 1/1 levels left

rFire   . . .      SeeInvis .    d - +2 dagger (speed)
rCold   . . .      Faith    .    (no shield)
rNeg    . . .      Spirit   .    (body armour unavailable)
rPois   .          Reflect  .    (helmet restricted)
rElec   .          Harm     .    (no cloak)
rCorr   .          Rampage  .    (no gloves)
Will    .....                    (no boots)
Stlth   +                        (no amulet)
HPRegen 0.24/turn                (no ring)
MPRegen 0.08/turn                (no ring)

@: no status effects
A: AC +4, unfitting armour, cold-blooded
a: Renounce Religion, Berserk


You escaped.
You worshipped Trog.
Trog was aware of your devotion.
You visited 1 branch of the dungeon, and saw 1 of its levels.

You collected 7 gold pieces.

Inventory:

Hand Weapons
 a - a +0 hand axe
 d - a +2 dagger of speed (weapon)
Scrolls
 c - a scroll of teleportation {unknown}
Potions
 b - a potion of mutation {unknown}


   Skills:
 + Level 3.6 Fighting
 + Level 3.2 Axes
 + Level 3.0 Dodging


You had one spell level left.
You didn't know any spells.
Your spell library was empty.

Dungeon Overview and Level Annotations

Branches:
Dungeon (1/15)

Altars:


Innate Abilities, Weirdness & Mutations

Your plain brown scales are hard. (AC +4)
You cannot fit into any form of body armour.
You are cold-blooded and may be slowed by cold attacks.


Message History

You hit the giant cockroach.
The giant cockroach is moderately wounded.
The giant cockroach bites you but does no damage.
You completely miss the giant cockroach.
The giant cockroach is moderately wounded.
The giant cockroach closely misses you.
You hit the giant cockroach.
You kill the giant cockroach!
Trog accepts your kill.
Your Dodging skill increases to level 3!
No target in view!
No target in view!
A goblin comes into view. It is wielding a +2 dagger of speed.
The goblin shouts!
A goblin is nearby!
A goblin is nearby!
The goblin barely misses you.
You barely miss the goblin.
The goblin hits you with a +2 dagger of speed.
You hit the goblin.
You kill the goblin!
Trog accepts your kill.
No target in view!
No target in view!
You see here a +2 dagger of speed.
c - a scroll labelled ADDAKAD ASMOA You see here a +2 dagger of speed.
d - a +2 dagger of speed Your hands tingle!
d - a +2 dagger of speed (weapon)
Welcome back, pyrow613 the Draconian Berserker.
Trog says: Kill them all!
Press ? for a list of commands and other information.
Search for what [? for help]?
Okay, then.
Unknown command.
There is a dry fountain here.
There is a staircase leading out of the dungeon here.
Are you sure you want to leave the Dungeon?
This will make you lose the game!
You have escaped!

###########
###.........####
...............###
.....⌠(..⌠.......#
..⌠.........⌠...##
.......≈.........#
.⌠...........⌠...#
....≈.....≈.....@#
.⌠...........⌠...#
.......≈.........#
..⌠.........⌠...##
.....⌠...⌠......+
...............##
###......[..#### #
########### ...#


There were no monsters in sight!

Vanquished Creatures
  4 ball pythons (D:1)
  4 giant cockroaches (D:1)
  2 goblins (D:1)
  2 kobolds (D:1)
  A frilled lizard (D:1)
  A rat (D:1)
14 creatures vanquished.

Notes
Turn   | Place    | Note
-------+----------+-------------------------------------------
     0 | D:1      | pyrow613 the Draconian Berserker began the quest for the
                  | Orb.
     0 | D:1      | Reached XP level 1. HP: 19/19 MP: 1/1
   129 | D:1      | Reached XP level 2. HP: 23/26 MP: 2/2
   311 | D:1      | Upgraded the game from 0.30-a0-800-g7c544603b3 to
                  | 0.30-a0-802-gb92711bcdf
   348 | D:$      | Got out of the dungeon alive.

Illustrated notes

Levels and vault maps discovered:
D:1:      dpeg_arrival_stone_temple_mockup, layout_basic,
          ebering_ecumenical_altar_rust

Skill      XL: |  1  2 |
---------------+-------+-----
Dodging        | 3 |  3.0
Fighting       | |  3.6
Axes           | |  3.2

Action                     || total
---------------------------++-------
  Melee: Hand axe          ||    43
         Punch             ||     2
         Tailslap          ||     2
 Armour: Skin              ||    11
  Dodge: Dodged            ||    30

Table legend: (Time is in decaauts)
 A = Elapsed time spent in this place.
 B = Non-inter-level travel time spent in this place.
 C = Inter-level travel time spent in this place.
 D = Time resting spent in this place.
 E = Time spent auto-exploring this place.
 F = Levels seen in this place.
 G = Mean time per level.
                   A        B        C        D        E       F      G
               +--------+--------+--------+--------+--------+-----+--------+
         Total |    353 |    317 |     36 |      0 |    208 |   1 |  353.0 |
       Dungeon |    353 |    317 |     36 |      0 |    208 |   1 |  353.0 |
               +--------+--------+--------+--------+--------+-----+--------+

Top non-repeatable levels by time:
     D:1: 353 daAuts
